 Dungeon Crawl Stone Soup version 0.28-a0-768-g8c92f1e708 (webtiles) character file.

Game seed: 632065396692360250

30 Astera the Skirmisher (level 3, 0/31 HPs)
             Began as a Palentonga Fighter on Oct 31, 2021.
             Slain by a bullfrog (5 damage)
             ... on level 4 of the Dungeon.
             The game lasted 00:02:41 (861 turns).

Astera the Skirmisher (Palentonga Fighter)           Turns: 861, Time: 00:02:41

Health: 0/31       AC:  9    Str: 19    XL:     3   Next: 3%
Magic:  3/3        EV:  7    Int:  8    God:
Gold:   52         SH:  4    Dex: 10    Spells: 2/2 levels left

rFire   . . .      SeeInvis +   a - +0 flail
rCold   . . .      Faith    .   c - +0 buckler
rNeg    . . .      Spirit   .   b - +0 scale mail
rPois   .          Reflect  .   (no helmet)
rElec   .          Harm     .   (no cloak)
rCorr   .          Rampage  .   f - +2 pair of gloves
Will    .....                   (no barding)
Stlth   ..........              (no amulet)
HPRegen 0.10/turn               (no ring)
MPRegen 0.08/turn               (no ring)

@: no status effects
A: large, rugged brown scales 3, see invisible, deformed body, roll 1, armoured
tail
a: Rolling Charge


You were on level 4 of the Dungeon.
You visited 1 branch of the dungeon, and saw 3 of its levels.

You collected 52 gold pieces.

Inventory:

Hand Weapons
 a - a +0 flail (weapon)
Armour
 b - a +0 scale mail (worn)
 c - a +0 buckler (worn)
 f - a +2 pair of gloves (worn)
Scrolls
 g - a scroll of blinking {unknown}
Potions
 d - a potion of might
 e - a potion of lignification {unknown}


   Skills:
 + Level 3.3 Fighting
 + Level 2.4 Maces & Flails
 + Level 2.7 Armour
 + Level 2.7 Shields


You had 2 spell levels left.
You didn't know any spells.
Your spell library was empty.

Dungeon Overview and Level Annotations

Branches:
Dungeon (2/15)

Altars:


Innate Abilities, Weirdness & Mutations

You are completely covered in rugged brown scales. (AC +3, +7% HP)
You have supernaturally acute eyesight. (SInv)
Armour fits poorly on your strangely shaped body.
You can roll at nearby foes to attack.
You have a long armoured tail.


Message History

You barely miss the bullfrog.
The bullfrog is severely wounded.
The bullfrog releases a deep croak.
You block the bullfrog's attack.
The giant cockroach bites you but does no damage.
The worm bites you. The bullfrog barely misses you.
You closely miss the bullfrog.
The bullfrog is severely wounded.
You block the giant cockroach's attack. The bullfrog barely misses you.
The giant cockroach bites you but does no damage.
The bullfrog barely misses you. The worm bites you.
The bullfrog hits you but does no damage.
Your scale mail prevents you from hitting the bullfrog.
The bullfrog is severely wounded.
The giant cockroach bites you.
* * * LOW HITPOINT WARNING * * *
You block the bullfrog's attack.
The giant cockroach bites you but does no damage.
You closely miss the bullfrog.
Your tail-slap misses the bullfrog.
The bullfrog is severely wounded.
You block the bullfrog's attack. The giant cockroach closely misses you.
The bullfrog hits you but does no damage.
The bullfrog barely misses you. The giant cockroach closely misses you.
The bullfrog hits you.
* * * LOW HITPOINT WARNING * * *
The worm barely misses you.
The bullfrog hits you but does no damage.
The bullfrog hits you but does no damage.
You block the bullfrog's attack. The worm bites you.
* * * LOW HITPOINT WARNING * * *
The giant cockroach bites you but does no damage.
The bullfrog hits you but does no damage.
The bullfrog swells and bulges.
The bullfrog hits you.
* * * LOW HITPOINT WARNING * * *
The bullfrog hits you but does no damage.
The bullfrog hits you but does no damage.
The bullfrog hits you.
You die...

.......... .........#
.........#######
...=...........#
...............#
...............#
...............#
...(...........######
..............@.....#
......########FB....#
...... #......#
...... #......#
#..w...# #......#
#......# #......#
#......#


You could see a bullfrog, a worm and a giant cockroach.

Vanquished Creatures
  An adder (D:2)
  3 ball pythons (D:1)
  2 bats (D:1)
  2 giant cockroaches (D:1)
  2 goblins (D:1)
  A hobgoblin (D:2)
  A quokka (D:1)
  3 frilled lizards (D:1)
  3 kobolds
  3 rats (D:1)
21 creatures vanquished.

Notes
Turn   | Place    | Note
-------+----------+-------------------------------------------
     0 | D:1      | Astera the Palentonga Fighter began the quest for the Orb.
     0 | D:1      | Reached XP level 1. HP: 19/19 MP: 1/1
   128 | D:1      | Reached XP level 2. HP: 23/25 MP: 2/2
   827 | D:2      | Reached XP level 3. HP: 31/31 MP: 3/3
   831 | D:2      | You fall into a shaft and drop 2 floors!
   831 | D:4      | Noticed a bullfrog
   861 | D:4      | Slain by a bullfrog

Illustrated notes

Levels and vault maps discovered:
D:1:      scummos_arrival_simple_crosswalls, layout_loops_cross
D:2:      layout_rooms, hangedman_decor_growths
D:4:      layout_basic, uniq_duvessa, uniq_natasha, uniq_blork_the_orc

Action                   || total
-------------------------++-------
Melee: Flail             ||    58
       Tailslap          ||     2
 Abil: Rolling Charge    ||     7
Armor: Scale mail        ||    39
Dodge: Dodged            ||    19
Block: Buckler           ||    12

Table legend: (Time is in decaauts)
 A = Elapsed time spent in this place.
 B = Non-inter-level travel time spent in this place.
 C = Inter-level travel time spent in this place.
 D = Time resting spent in this place.
 E = Time spent auto-exploring this place.
 F = Levels seen in this place.
 G = Mean time per level.
                   A        B        C        D        E       F      G
               +--------+--------+--------+--------+--------+-----+--------+
         Total |    877 |    838 |     39 |      0 |    657 |   3 |  292.3 |
       Dungeon |    877 |    838 |     39 |      0 |    657 |   3 |  292.3 |
               +--------+--------+--------+--------+--------+-----+--------+

Top non-repeatable levels by time:
     D:1: 760 daAuts
     D:2: 84 daAuts
     D:4: 32 daAuts
